 Dungeon Crawl Stone Soup version 0.28-a0-695-gff097466f2 (webtiles) character file.

Game seed: 3550878844760624644

1857 Gwenloh the Purveyor of Pain (level 8, -3/52 HPs)
             Began as a Mummy Necromancer on Oct 22, 2021.
             Was an Initiate of Kikubaaqudgha.
             Slain by a troll (10 damage)
             ... on level 7 of the Dungeon.
             The game lasted 00:27:39 (8737 turns).

Gwenloh the Purveyor of Pain (Mummy Necromancer)    Turns: 8737, Time: 00:27:40

Health: -3/52      AC:  5    Str: 11    XL:     8   Next: 89%
Magic:  2/20       EV: 12    Int: 16    God:    Kikubaaqudgha [......]
Gold:   270        SH:  0    Dex: 13    Spells: 10/23 levels left

rFire   x . .      SeeInvis .   b - +0 hunting sling
rCold   + . .      Faith    +   (no shield)
rNeg    + + +      Spirit   .   c - +0 robe
rPois   ∞          Reflect  .   (no helmet)
rElec   .          Harm     .   (no cloak)
rCorr   .          Rampage  .   l - +0 pair of gloves
Will    ++...                   v - +1 pair of boots
Stlth   ++........              u - amulet of faith
HPRegen 0.17/turn               s - ring of willpower
MPRegen 0.17/turn               (no ring)

@: no status effects
A: cold resistance 1, negative energy resistance 3, torment resistance 2, heat
vulnerability 1, no potions
a: Renounce Religion


You were on level 7 of the Dungeon.
You worshipped Kikubaaqudgha.
Kikubaaqudgha was noncommittal.
You visited 2 branches of the dungeon, and saw 8 of its levels.

You collected 270 gold pieces.

Inventory:

Hand Weapons
 a - a +0 dagger
 b - a +0 hunting sling (weapon)
Missiles
 e - 5 datura-tipped darts
 f - 12 poisoned darts
 k - 50 sling bullets
 o - 61 stones (quivered ammo)
Armour
 c - a +0 robe (worn)
 g - a +0 leather armour
 l - a +0 pair of gloves (worn)
 v - a +1 pair of boots (worn)
Jewellery
 s - a ring of willpower (left hand)
 u - an amulet of faith (around neck)
 x - the ring of Panentheism {*Slow rPois MP+9 Dex+4}
   (You found it on level 5 of the Dungeon)

   [ring of magical power]

   Dex:       It affects your dexterity (+4).
   rPois:     It protects you from poison.
   MP:        It affects your magic capacity (+9).
   *Slow:     It may slow you when you take damage.
 C - a ring of protection from fire
Wands
 w - a wand of iceblast (8)
 A - a wand of paralysis (3)
 B - a wand of polymorph (14)
Scrolls
 d - 2 scrolls of vulnerability {unknown}
 h - 2 scrolls of teleportation
 i - 2 scrolls of torment {unknown}
 j - 2 scrolls of fog {unknown}
 m - 2 scrolls of fear {unknown}
 n - 4 scrolls of magic mapping {unknown}
 p - a scroll of silence {unknown}
 q - 4 scrolls of identify {unknown}
 r - a scroll of immolation {unknown}
 t - 2 scrolls of holy word {unknown}
 y - a scroll of acquirement {unknown}
 z - a scroll of enchant armour {unknown}


   Skills:
 - Level 1.5 Dodging
 - Level 1.5 Stealth
 + Level 8.4 Spellcasting
 * Level 10.3 Necromancy


You had 10 spell levels left.
You knew the following spells:

 Your Spells              Type           Power      Damage    Failure   Level
a - Pain                  Necr           100%       1d9       1%          1
b - Vampiric Draining     Necr           19%        2d8       1%          3
c - Animate Dead          Necr           19%        N/A       1%          4
d - Agony                 Necr           39%        N/A       4%          5

Your spell library contained the following spells:

 Spells                   Type           Power      Damage    Failure   Level
 Animate Skeleton         Necr           78%        N/A       1%          1
 Slow                     Hex            6%         N/A       16%         2
 Confusing Touch          Hex            6%         N/A       32%         3


Dungeon Overview and Level Annotations

Branches:
Dungeon (7/15)             Temple (1/1) D:6

Altars:
Ashenzari
Dithmenos
Elyvilon
Gozag
Kikubaaqudgha
Makhleb
Nemelex Xobeh
Okawaru
Qazlal
Ru
Sif Muna
Trog
Uskayaw
Wu Jian
Xom
Zin
The Shining One

Shops:
D:4 :

Annotations:
D:4 3 runed translucent doors, arbitraryname's ghost, amateur DgTm; t4s4d4r's ghost, amateur DsAr
D:6 3 runed translucent doors, Irenicus's ghost, novice DDEE; Zgarb's ghost, weakling DjDe; sn0wgr3's ghost, novice GrDe


Innate Abilities, Weirdness & Mutations

You are immune to poison.
Your flesh is cold resistant. (rC+)
You are immune to negative energy. (rN+++)
You are immune to unholy pain and torment.
You are vulnerable to heat. (rF-)
You do not drink.


Message History

Press: ? - help, Shift-Dir - straight line, f/p - troll
Aim: a troll (heavily wounded)
You draw life force from the troll!
You feel life coursing into your body. The troll bites you but does no damage.
The troll claws you! The troll claws you but does no damage.
Unknown command.
Casting: Vampiric Draining (safe; 1% risk of failure)
Confirm with . or Enter, or press ? or * to list all spells.
Aiming: Vampiric Draining (safe; 1% risk of failure)
Press: ? - help, Shift-Dir - straight line, f/p - troll
Aim: a troll (severely wounded)
You draw life force from the troll.
You feel life coursing into your body. The troll bites you!
The troll claws you but does no damage. The troll barely misses you.
Aiming: Paralyse
Press: ? - help, Shift-Dir - straight line, f/p - troll
Aim: a troll (severely wounded, chance to affect: 46%)
The troll resists with some effort.
The troll bites you but does no damage. The troll misses you.
The troll closely misses you.
Aiming: Paralyse
Press: ? - help, Shift-Dir - straight line, f/p - troll
Aim: a troll (severely wounded, chance to affect: 46%)
The troll resists with some effort.
The troll closely misses you. The troll claws you!
* * * LOW HITPOINT WARNING * * *
The troll claws you!
* * * LOW HITPOINT WARNING * * *
Casting: Vampiric Draining (safe; 1% risk of failure)
Confirm with . or Enter, or press ? or * to list all spells.
Aiming: Vampiric Draining (safe; 1% risk of failure)
Press: ? - help, Shift-Dir - straight line, f/p - troll
Aim: a troll (severely wounded)
You draw life force from the troll.
You feel life coursing into your body. The troll closely misses you.
The troll claws you but does no damage. The troll barely misses you.
Unknown command.
Your magical contamination has completely faded away.
The troll bites you!
You die...
Kikubaaqudgha rasps: "You have failed me!
Welcome... oblivion!"

. # ...
#########################.....
'..)............@T............
#######################.######
# .# # .# .# .# .. ..


You could see a troll.

Vanquished Creatures
  3 water moccasins
  2 ice beasts (D:6)
  2 black bears
  A sky beast (D:5)
  A bullfrog (D:7)
  4 scorpions
  A wyvern skeleton (D:6)
  Dowan (D:7)
  A howler monkey (D:5)
  A hound (D:5)
  A jelly (D:5)
  A bullfrog skeleton (D:4)
  2 orc priests (D:6)
  A centaur skeleton (D:5)
  Ijyb (D:5)
  2 iguanas
  2 hound skeletons
  4 gnolls (D:4)
  7 adders
  An ufetubus (D:5)
  An adder zombie (D:5)
  3 worms
  2 dart slugs
  8 orcs
  8 ball pythons
  8 endoplasms
  6 giant cockroaches
  3 goblins
  8 hobgoblins
  5 kobolds
  2 quokkas (D:1)
  2 bats
  3 frilled lizards
  3 rats
101 creatures vanquished.

Vanquished Creatures (collateral kills)
  Duvessa (D:7)
  A bullfrog zombie (D:5)
  A hound (D:5)
  An adder skeleton (D:5)
  An orc (D:6)
5 creatures vanquished.

Vanquished Creatures (others)
  3 withered plants (D:4)
3 creatures vanquished.

Grand Total: 109 creatures vanquished

Notes
Turn   | Place    | Note
-------+----------+-------------------------------------------
     0 | D:1      | Gwenloh the Mummy Necromancer began the quest for the Orb.
     0 | D:1      | Reached XP level 1. HP: 13/13 MP: 4/4
   775 | D:1      | Reached XP level 2. HP: 19/19 MP: 1/6
  1332 | D:1      | Found a faded altar of an unknown god.
  1664 | D:2      | Reached XP level 3. HP: 24/24 MP: 3/7
  1705 | D:2      | Learned a level 3 spell: Vampiric Draining
  2176 | D:2      | Reached skill level 5 in Necromancy
  2273 | D:2      | Found a burning altar of Makhleb.
  2921 | D:3      | Reached XP level 4. HP: 30/30 MP: 2/9
  3039 | D:3      | You fall into a shaft and drop 2 floors!
  3039 | D:5      | Entered Level 5 of the Dungeon
  3123 | D:5      | Noticed a scorpion
  3127 | D:4      | Noticed a water moccasin
  3195 | D:5      | Noticed Ijyb
  3213 | D:4      | Killed a water moccasin
  3214 | D:4      | Reached XP level 5. HP: 27/35 MP: 0/11
  3308 | D:3      | Reached skill level 6 in Necromancy
  4169 | D:4      | Reached XP level 6. HP: 41/41 MP: 2/13
  4257 | D:4      | Reached skill level 5 in Spellcasting
  4667 | D:4      | Found a runed translucent gate.
  4668 | D:4      | Found a runed translucent gate.
  4670 | D:4      | Found a runed translucent gate.
  4736 | D:4      | Found an iron altar of Okawaru.
  4767 | D:4      | Found Fueddi's Book Shop.
  4939 | D:4      | Noticed t4s4d4r's ghost (amateur DsAr)
  4940 | D:4      | Noticed arbitraryname's ghost (amateur DgTm)
  5289 | D:5      | Noticed a water moccasin
  5296 | D:5      | Killed a water moccasin
  5297 | D:5      | Reached skill level 7 in Necromancy
  5313 | D:5      | Learned a level 4 spell: Animate Dead
  5399 | D:5      | Reached XP level 7. HP: 45/46 MP: 15/15
  5688 | D:5      | Killed Ijyb
  5838 | D:5      | Reached skill level 8 in Necromancy
  6003 | D:5      | Identified the ring of Panentheism {*Slow rPois MP+9 Dex+4}
  6560 | D:6      | Reached XP level 8. HP: 52/52 MP: 6/18
  6816 | D:6      | Reached skill level 9 in Necromancy
  7428 | D:6      | Found a staircase to the Ecumenical Temple.
  7452 | Temple   | Entered the Ecumenical Temple
  7488 | Temple   | Became a worshipper of Kikubaaqudgha
  7571 | D:6      | Learned a level 5 spell: Agony
  7793 | D:6      | Found a runed translucent gate.
  7793 | D:6      | Found a runed translucent gate.
  7793 | D:6      | Found a runed translucent gate.
  7796 | D:6      | Noticed Irenicus's ghost (novice DDEE)
  7796 | D:6      | Noticed Zgarb's ghost (weakling DjDe)
  7796 | D:6      | Noticed sn0wgr3's ghost (novice GrDe)
  8158 | D:7      | Noticed Dowan
  8164 | D:7      | Killed Dowan
  8165 | D:7      | Reached skill level 10 in Necromancy
  8181 | D:7      | Noticed Duvessa
  8222 | D:7      | Killed Duvessa
  8709 | D:7      | Noticed a troll
  8737 | D:7      | Slain by a troll

Illustrated notes

Levels and vault maps discovered:
D:1:      erik_arrival_orb_chamber, layout_loops_corners,
          shapermc_ecumenical_altar_mp_ritualfount
D:2:      layout_loops_cross, basic_altar
D:3:      layout_loops_ring, kennysheep_generic_room_15
D:4:      layout_rooms, gammafunk_ghost_cemetery, serial_shops,
          nicolae_shop_trees, kennysheep_small_circle
D:5:      layout_basic, cheibrodos_sewer_entry_drain, serial_park_tiny_1,
          kennysheep_cluttered_room, uniq_ijyb
D:6:      layout_loops_ring, minmay_temple_entry_proselytizer,
          gammafunk_ghost_cemetery
D:7:      layout_basic, uniq_duvessa
Temple:   grunt_wide_crystal_templ

Skill      XL: |  1  2  3  4  5  6  7  8 |
---------------+-------------------------+-----
Spellcasting   | 3 4 5 6 8 |  8.4
Necromancy     | 5 6 7 8 10 | 10.3
Dodging        | |  1.5
Stealth        | |  1.5

Action                   |  1- 3 |  4- 6 |  7- 9 || total
-------------------------+-------+-------+-------++-------
Melee: Dagger            |     9 |    52 |    30 ||    91
 Fire: Hunting sling     |       |    65 |    48 ||   113
Throw: Stone             |    38 |     2 |     6 ||    46
 Cast: Pain              |    88 |    22 |    44 ||   154
       Vampiric Draining |     2 |    15 |    52 ||    69
       Animate Dead      |       |     1 |    10 ||    11
       Agony             |       |       |     1 ||     1
Evoke: Wand              |       |       |    14 ||    14
  Use: Scroll            |       |       |     1 ||     1
 Stab: Sleeping          |     1 |       |       ||     1
       Paralysed         |       |       |     6 ||     6
       Distracted        |       |       |     1 ||     1
Armor: Robe              |     6 |    14 |    36 ||    56
Dodge: Dodged            |     7 |    62 |    60 ||   129

Table legend: (Time is in decaauts)
 A = Elapsed time spent in this place.
 B = Non-inter-level travel time spent in this place.
 C = Inter-level travel time spent in this place.
 D = Time resting spent in this place.
 E = Time spent auto-exploring this place.
 F = Levels seen in this place.
 G = Mean time per level.
                   A        B        C        D        E       F      G
               +--------+--------+--------+--------+--------+-----+--------+
         Total |   8758 |   8498 |    260 |   1736 |   5274 |   8 | 1094.8 |
       Dungeon |   8709 |   8461 |    248 |   1736 |   5256 |   7 | 1244.1 |
        Temple |     49 |     37 |     12 |      0 |     18 |   1 |   49.0 |
               +--------+--------+--------+--------+--------+-----+--------+

Top non-repeatable levels by time:
     D:1: 1660 daAuts
     D:5: 1594 daAuts
     D:6: 1435 daAuts
     D:4: 1194 daAuts
     D:2: 1170 daAuts
     D:3: 922 daAuts
     D:7: 731 daAuts
  Temple: 49 daAuts
